 Dungeon Crawl Stone Soup version 0.26.1-11-gd32895ea62 (webtiles) character file.

Game seed: 10234230627440037149

628 Descartes the Ruffian (level 7, -1/62 HPs)
             Began as a Troll Warper on May 30, 2021.
             Slain by a mummy (5 damage)
             ... in an ossuary.
             The game lasted 00:09:47 (2726 turns).

Descartes the Ruffian (Troll Warper)                Turns: 2726, Time: 00:09:48

Health: -1/62      AC: 10    Str: 20    XL:     7   Next: 23%
Magic:  8/9        EV: 10    Int: 10    God:
Gold:   137        SH:  0    Dex: 10    Spells: 10/10 levels left

rFire    . . .     SeeInvis .     - Unarmed
rCold    . . .     Faith    .   (no shield)
rNeg     . . .     Spirit   .   a - +1 robe
rPois    .         Reflect  .   (helmet restricted)
rElec    .         Harm     .   s - +2 cloak
rCorr    .         Rampage  .   (gloves unavailable)
Will     .....     Rnd*Tele +   (boots unavailable)
Stlth    +.........             (no amulet)
HPRegen  0.60/turn              v - ring of teleportation
MPRegen  0.11/turn              (no ring)

@: brilliant, hasted, very quick
A: large, unfitting armour, claws 3, regeneration 1, shaggy fur 1, tough skin 3
a: no special abilities


You were in an ossuary.
You visited 1 branch of the dungeon, and saw 4 of its levels.
You also visited: Ossuary.

You collected 137 gold pieces.

Inventory:

Missiles
 d - 5 boomerangs of dispersal (quivered)
 f - 3 large rocks
 g - 71 stones
 j - 64 arrows
 k - 24 sling bullets
Armour
 a - a +1 robe (worn)
 s - a +2 cloak (worn)
Jewellery
 p - a cursed ring of attention {unknown}
 u - an uncursed ring of positive energy
 v - a ring of teleportation (left claw)
Wands
 y - a wand of random effects (15)
Scrolls
 b - a scroll of teleportation
 c - 3 scrolls of blinking
 e - 3 scrolls of amnesia
 h - a scroll of fear
 o - a scroll of remove curse
Potions
 l - a potion of attraction
 m - 2 potions of lignification {unknown}
 n - 2 potions of invisibility
 q - a potion of flight


   Skills:
 - Level 1.5 Fighting
 + Level 3.7 Throwing
 - Level 1.9 Dodging
 + Level 4.5 Unarmed Combat
 + Level 2.0 Spellcasting
 + Level 4.0 Translocations


You had 10 spell levels left.
You didn't know any spells.
Your spell library contained the following spells:

 Spells                   Type           Power        Failure   Level
 Blink                    Tloc           N/A          9%          2
 Gell's Gravitas          Tloc           6%           17%         3
 Lesser Beckoning         Tloc           6%           17%         3
 Teleport Other           Tloc           13%          17%         3
 Passage of Golubria      Tloc           N/A          50%         4


Dungeon Overview and Level Annotations

Branches:
Dungeon (4/15)             Temple (0/1) D:4         Ossuary (1/1)

Altars:
Elyvilon
Fedhas
Yredelemnul


Innate Abilities, Weirdness & Mutations

You are too large for most types of armour.
You have claws for hands.
Your natural rate of healing is unusually fast.
You are covered in fur. (AC +1)
You have extremely tough skin. (AC +3)


Message History

The mummy barely misses you.
Your Spellcasting skill increases to level 2!
The mummy hits you but does no damage. The mummy hits you.
* * * LOW HITPOINT WARNING * * *
The mummy hits you!
* * * LOW HITPOINT WARNING * * *
You see here a scroll of amnesia.
You scratch the mummy.
The mummy is lightly damaged.
The mummy closely misses you. The mummy hits you.
* * * LOW HITPOINT WARNING * * *
Unknown command.
You feel better. The mummy hits you!
* * * LOW HITPOINT WARNING * * *
The mummy closely misses you. The mummy barely misses you.
It was a potion of brilliance.
You feel clever all of a sudden.
It was a potion of haste.
You feel yourself speed up. The mummy hits you.
You die...

###########
#.........#
#.........#
#..@M??...#
#.MMM$!!..#
#..!$∩$?..#
#..?!$?=..#
#...??!...#
+.........#
#.........#
###########


You could see 4 mummies.

Vanquished Creatures
  Menkaure (D:4)
  A phantom (D:4)
  A bullfrog (D:3)
  An elf skeleton (D:4)
  A quasit (D:2)
  2 orc wizards (D:3)
  2 worker ants
  A mummy (Ossuary)
  3 gnolls (D:3)
  3 adders
  An ooze (D:2)
  An adder skeleton (D:4)
  3 worms
  2 dart slugs
  A leopard gecko (D:2)
  3 orcs (D:3)
  5 ball pythons
  4 giant cockroaches
  9 goblins
  6 hobgoblins
  3 jackals (D:4)
  7 kobolds
  A ball python skeleton (D:4)
  14 bats
  4 frilled lizards
  2 orc skeletons (D:4)
  7 rats
89 creatures vanquished.

Notes
Turn   | Place    | Note
-------+----------+-------------------------------------------
     0 | D:1      | Descartes the Troll Warper began the quest for the Orb.
     0 | D:1      | Reached XP level 1. HP: 19/19 MP: 1/1
   144 | D:1      | Reached XP level 2. HP: 27/27 MP: 2/2
   186 | D:1      | Reached skill level 1 in Throwing
   823 | D:2      | Found a blossoming altar of Fedhas.
   881 | D:2      | Found a white marble altar of Elyvilon.
   899 | D:2      | Reached XP level 3. HP: 31/33 MP: 3/3
   994 | D:2      | Found a basalt altar of Yredelemnul.
  1231 | D:2      | Reached XP level 4. HP: 41/41 MP: 4/4
  1743 | D:3      | Reached XP level 5. HP: 48/48 MP: 5/5
  1985 | D:3      | Reached XP level 6. HP: 53/55 MP: 6/6
  2499 | D:4      | Found a staircase to the Ecumenical Temple.
  2512 | D:4      | Noticed Menkaure
  2522 | D:4      | Killed Menkaure
  2523 | D:4      | Reached XP level 7. HP: 21/62 MP: 8/8
  2710 | D:4      | Found a sand-covered staircase.
  2715 | Ossuary  | Entered an ossuary
  2722 | Ossuary  | HP: 3/62 [mummy (4)]
  2726 | Ossuary  | Slain by a mummy

Illustrated notes

Levels and vault maps discovered:
D:1:      psy_arrival_heroes, layout_basic, bh_walls_and_bars
D:2:      layout_loops_ring, fedhas_altar_1, lemuel_round_altar,
          elyvilon_altar_1, minmay_misc_feat_ornament, kennysheep_another_room
D:3:      layout_rooms
D:4:      layout_rooms, general_overflow_altar, minmay_temple_entry_butterflies,
          nicolae_ossuary_entry_catacombs, uniq_menkaure
Ossuary:  ossuary_boxes_badplayer

Skill      XL: |  1  2  3  4  5  6  7 |
---------------+----------------------+-----
Throwing       | 1 2 3 |  3.7
Translocations | 3 4 |  4.0
Unarmed Combat | 3 4 |  4.5
Spellcasting   | 2 |  2.0
Fighting       | |  1.5
Dodging        | |  1.9

Action                   |  1- 3 |  4- 6 |  7- 9 || total
-------------------------+-------+-------+-------++-------
Melee: Unarmed           |   112 |   161 |    24 ||   297
       Punch             |     1 |     5 |     2 ||     8
  Use: Scroll            |     3 |     3 |     5 ||    11
       Potion            |       |       |     3 ||     3
 Stab: Sleeping          |     1 |       |     1 ||     2
Armor: Robe              |    67 |    75 |     6 ||   148
Dodge: Dodged            |    58 |    77 |     7 ||   142
